 Dungeon Sprint DCSS version 0.29.1-2-gbd0b4ee654 (webtiles) character file.

Game seed: 11322281586650048119

6300000 tbh1313 the Axe Maniac (level 27, -124/273 HPs)
             Began as a Minotaur Monk on Nov 29, 2022.
             Was the Champion of Makhleb.
             Annihilated by The Servant
             ... wielding a +9 glaive of flaming
              (125 damage)
             ... in the Dungeon (Sprint VIII: "Arena of Blood").
             The game lasted 00:07:40 (63 turns).

tbh1313 the Axe Maniac (Minotaur Monk)                Turns: 63, Time: 00:07:41

Health: -124/273   AC:  4    Str: 27    XL:     27
Magic:  23/53      EV: 28    Int:  7    God:    Makhleb [******]
Gold:   0          SH:  0    Dex: 16    Spells: 80/80 levels left

rFire   . . .      SeeInvis .   j - +∞ Axe of Woe
rCold   . . .      Faith    .   (shield currently unavailable)
rNeg    . . .      Spirit   .   b - +0 robe
rPois   .          Reflect  .   (helmet restricted)
rElec   .          Harm     .   (no cloak)
rCorr   .          Rampage  .   (no gloves)
Will    ++...      NoTele   +   (no boots)
Stlth   ++++++++++              (no amulet)
HPRegen 0.55/turn               k - +30 ring of slaying
MPRegen 0.33/turn               l - +30 ring of slaying

@: no status effects
A: horns 2, retaliatory headbutt
a: Renounce Religion, Minor Destruction, Lesser Servant of Makhleb, Major
Destruction, Greater Servant of Makhleb


You were in the Dungeon.
You worshipped Makhleb.
Makhleb was exalted by your worship.
You visited 1 branch

Inventory:

Hand Weapons
 a - a +0 hand axe
 j - the +∞ Axe of Woe (weapon)
   (You found it in the Dungeon)
Armour
 b - a +0 robe (worn)
Jewellery
 k - a +30 ring of slaying (left hand)
 l - a +30 ring of slaying (right hand)
Potions
 c - a potion of ambrosia
 d - a potion of curing
 e - a potion of heal wounds
 f - a potion of haste
 g - 2 potions of magic
 h - a potion of berserk rage


   Skills:
 O Level 27 Fighting
 O Level 27 Short Blades
 O Level 27 Long Blades
 O Level 27 Axes
 O Level 27 Maces & Flails
 O Level 27 Polearms
 O Level 27 Staves
 O Level 27 Ranged Weapons
 O Level 27 Throwing
 O Level 27 Armour
 O Level 27 Dodging
 O Level 27 Stealth
 O Level 27 Shields
 O Level 27 Unarmed Combat
 O Level 27 Spellcasting
 O Level 27 Conjurations
 + Level 15.8 Hexes
 + Level 17.1 Summonings
 + Level 17.1 Necromancy
 + Level 17.1 Translocations
 + Level 18.6 Transmutations
 + Level 17.1 Fire Magic
 + Level 17.2 Ice Magic
 + Level 17.1 Air Magic
 + Level 18.6 Earth Magic
 + Level 17.1 Poison Magic
 O Level 27 Invocations
 + Level 20.1 Evocations


You had 80 spell levels left.
You didn't know any spells.
Your spell library was empty.

Dungeon Overview and Level Annotations

Branches:
Dungeon (1/1)

Altars:
Makhleb

Annotations:
D The Servant


Innate Abilities, Weirdness & Mutations

You have a pair of horns on your head.
You reflexively headbutt those who attack you in melee.


Message History

The destroyer gestures at you while chanting.
The destroyer blinks!
The bag of meat is engulfed in blazing flames.
The accursed hits your Executioner!!
The bag of meat is engulfed in blazing flames.
The bag of meat hits your Executioner with a +9 war axe!!!
Your Executioner dies!
Your Executioner disappears in a puff of smoke!
The bag of meat shouts!
Your life force feels restored.
Your Hexes skill increases to level 15!
Your Summonings skill gained 2 levels and is now at level 17!
Your Necromancy skill gained 2 levels and is now at level 17!
Your Translocations skill gained 2 levels and is now at level 17!
Your Transmutations skill increases to level 18!
Your Fire Magic skill gained 2 levels and is now at level 17!
Your Ice Magic skill gained 2 levels and is now at level 17!
Your Air Magic skill gained 2 levels and is now at level 17!
Your Earth Magic skill increases to level 18!
Your Poison Magic skill gained 2 levels and is now at level 17!
Your Evocations skill gained 2 levels and is now at level 20!
You have reached level 27, the final one!
Your experience leads to an increase in your attributes!
Increase (S)trength, (I)ntelligence, or (D)exterity?
You feel stronger. x2
Okay, then.
You slice the bag of meat like a ripe choko!!!!
You slaughter the bag of meat joyfully.
You kill the bag of meat!
Makhleb accepts your kill.
You are engulfed in blazing flames.
* * * LOW HITPOINT WARNING * * *
You hear a shout! x2
The tentacled monstrosity is engulfed in blazing flames.
A tyrant comes into view.
The destroyer is engulfed in blazing flames.
You hear a shout! x2
The Servant is engulfed in blazing flames.
The Servant hits you from afar with a +9 glaive of flaming!!!!
You die...

......._...Xo§)§.....
#.)o☼.#ooLL○X.#.#..
#_)<§_#.§OX○V..... .
..#)§§)§#...o○X#.#.#L.
......_)°).zo.o.....M..
......###o...ozOX.#.#.#.
.###.....z.###.@o.oo....
#....z..#...§○O.o....
#.......#....@O.MM...
.........z.§.D)§o....
........Wo..#.M.#....
...........#V...# ...
.........## ....# . ..
....#. . L###... .. ..#.


You could see 4 accurseds, a tentacled monstrosity (summoned), 4 tyrants, The
Servant, an eight-headed meat hydra, 2 destroyers, 3 sculptors of flesh, a large
bag of meat (inner flame), 3 large abominations, a dread, 3 meat berserkers and
12 bags of meat.

Vanquished Creatures
  2 royal mummies (D)
  10 vampire knights (D)
  28 ogres (D)
  9 two-headed ogres (D)
  A lich (D)
  48 orcs (D)
  6 skeletal warriors (D)
104 creatures vanquished.

Notes
Turn   | Place    | Note
-------+----------+-------------------------------------------
     0 | D        | Found the +∞ Axe of Woe
     0 | D        | tbh1313 the Minotaur Monk began the quest for the Orb.
     0 | D        | Reached XP level 1. HP: 19/19 MP: 0/0
     0 | D        | Noticed a meat berserker
     1 | D        | Noticed a bag of meat
     2 | D        | Noticed a bag of meat
     3 | D        | Killed a bag of meat
     3 | D        | Noticed a meat berserker
     3 | D        | Noticed a meat berserker
     4 | D        | Reached skill level 15 in Fighting
     4 | D        | Reached skill level 15 in Axes
     4 | D        | Reached skill level 15 in Armour
     4 | D        | Reached XP level 2. HP: 49/49 MP: 1/1
     4 | D        | Reached XP level 3. HP: 56/56 MP: 2/2
     4 | D        | Reached XP level 4. HP: 63/63 MP: 3/3
     4 | D        | Reached XP level 5. HP: 70/70 MP: 4/4
     4 | D        | Reached XP level 6. HP: 78/78 MP: 5/5
     4 | D        | Reached XP level 7. HP: 84/84 MP: 6/6
     4 | D        | Reached XP level 8. HP: 93/93 MP: 7/7
     4 | D        | Reached XP level 9. HP: 100/100 MP: 8/8
     4 | D        | Reached XP level 10. HP: 107/107 MP: 9/9
     4 | D        | Noticed a bag of meat
     5 | D        | Killed a meat berserker
     6 | D        | Reached XP level 11. HP: 77/123 MP: 10/10
     6 | D        | Reached XP level 12. HP: 82/130 MP: 11/11
     6 | D        | Killed a meat berserker
     7 | D        | Reached XP level 13. HP: 91/145 MP: 12/12
     7 | D        | Killed a meat berserker
     7 | D        | Killed a bag of meat
     8 | D        | Reached XP level 14. HP: 101/159 MP: 13/13
     8 | D        | Became a worshipper of Makhleb the Destroyer
     8 | D        | Reached * piety under Makhleb
     8 | D        | Reached ** piety under Makhleb
    10 | D        | Killed a bag of meat
    10 | D        | Noticed a bag of meat
    11 | D        | Noticed a meat berserker
    11 | D        | Noticed a meat berserker
    11 | D        | Noticed a meat berserker
    13 | D        | Killed a meat berserker
    14 | D        | Reached XP level 15. HP: 127/171 MP: 14/14
    14 | D        | Killed a meat berserker
    14 | D        | Noticed a meat berserker
    15 | D        | Reached skill level 27 in Fighting
    15 | D        | Reached skill level 27 in Axes
    15 | D        | Reached skill level 27 in Armour
    18 | D        | Killed a meat berserker
    18 | D        | Reached *** piety under Makhleb
    18 | D        | Killed a meat berserker
    18 | D        | Noticed a large bag of meat
    18 | D        | Noticed a meat berserker
    18 | D        | Noticed a meat berserker
    19 | D        | Reached skill level 27 in Dodging
    19 | D        | Reached XP level 16. HP: 183/183 MP: 14/28
    21 | D        | Reached **** piety under Makhleb
    21 | D        | Noticed a large bag of meat
    23 | D        | Reached ***** piety under Makhleb
    23 | D        | Killed a large bag of meat
    24 | D        | Reached skill level 27 in Invocations
    24 | D        | Reached XP level 17. HP: 144/191 MP: 14/33
    24 | D        | Noticed a meat berserker
    25 | D        | Killed a meat berserker
    25 | D        | Killed a meat berserker
    26 | D        | Noticed a large bag of meat
    26 | D        | Noticed a meat berserker
    28 | D        | Reached skill level 27 in Throwing
    30 | D        | Reached XP level 18. HP: 200/200 MP: 16/34
    30 | D        | Killed a meat berserker
    31 | D        | Noticed a meat berserker
    31 | D        | Noticed a meat berserker
    31 | D        | Noticed a large bag of meat
    32 | D        | Killed a large bag of meat
    32 | D        | Noticed a large bag of meat
    32 | D        | Noticed a large bag of meat
    33 | D        | Noticed a sculptor of flesh
    34 | D        | Noticed a meat berserker
    34 | D        | Noticed a meat berserker
    34 | D        | Noticed a sculptor of flesh
    34 | D        | Noticed a large bag of meat
    35 | D        | Noticed a destroyer
    35 | D        | Killed a meat berserker
    35 | D        | Reached ****** piety under Makhleb
    35 | D        | Killed a meat berserker
    36 | D        | Reached skill level 27 in Stealth
    36 | D        | Noticed a destroyer
    37 | D        | Noticed a meat berserker
    37 | D        | Noticed a sculptor of flesh
    37 | D        | Noticed a sculptor of flesh
    37 | D        | Noticed a meat berserker
    37 | D        | Noticed a destroyer
    38 | D        | Reached XP level 19. HP: 148/207 MP: 17/35
    38 | D        | Killed a destroyer
    38 | D        | Noticed a destroyer
    39 | D        | Noticed a meat berserker
    39 | D        | Killed a meat berserker
    39 | D        | Noticed a destroyer
    40 | D        | Reached skill level 27 in Unarmed Combat
    40 | D        | Killed a meat berserker
    40 | D        | Killed a large bag of meat
    40 | D        | Noticed a meat berserker
    41 | D        | Reached XP level 20. HP: 182/216 MP: 18/43
    41 | D        | Noticed a meat berserker
    41 | D        | Killed a meat berserker
    41 | D        | Killed a destroyer
    41 | D        | Killed a large bag of meat
    41 | D        | Noticed a destroyer
    42 | D        | Reached skill level 27 in Spellcasting
    42 | D        | Noticed a meat berserker
    42 | D        | Killed a destroyer
    42 | D        | Noticed a meat berserker
    42 | D        | Noticed a large bag of meat
    43 | D        | Reached XP level 21. HP: 161/224 MP: 18/51
    43 | D        | Killed a destroyer
    43 | D        | Killed a large bag of meat
    43 | D        | Noticed a tyrant
    44 | D        | Reached skill level 27 in Conjurations
    44 | D        | Reached skill level 10 in Ranged Weapons
    44 | D        | Killed a large bag of meat
    44 | D        | Noticed a large bag of meat
    45 | D        | Reached XP level 22. HP: 185/233 MP: 19/52
    45 | D        | Killed a destroyer
    45 | D        | Noticed a destroyer
    45 | D        | Noticed The Servant
    46 | D        | Noticed an accursed
    46 | D        | Killed a large bag of meat
    46 | D        | Noticed a large bag of meat
    47 | D        | Reached skill level 27 in Ranged Weapons
    47 | D        | Reached skill level 27 in Shields
    47 | D        | Killed a destroyer
    47 | D        | Noticed a destroyer
    48 | D        | Reached XP level 23. HP: 211/240 MP: 19/53
    49 | D        | Reached skill level 27 in Maces & Flails
    49 | D        | Reached skill level 27 in Polearms
    49 | D        | Noticed a large bag of meat
    50 | D        | Noticed a tyrant
    51 | D        | Reached XP level 24. HP: 225/249 MP: 20/53
    51 | D        | Noticed a destroyer
    52 | D        | Killed a destroyer
    52 | D        | Killed a destroyer
    53 | D        | Reached skill level 27 in Short Blades
    53 | D        | Reached skill level 27 in Long Blades
    53 | D        | Reached skill level 27 in Staves
    53 | D        | Reached skill level 5 in Summonings
    53 | D        | Reached skill level 5 in Necromancy
    53 | D        | Reached skill level 5 in Translocations
    53 | D        | Reached skill level 5 in Transmutations
    53 | D        | Reached skill level 5 in Fire Magic
    53 | D        | Reached skill level 5 in Ice Magic
    53 | D        | Reached skill level 5 in Air Magic
    53 | D        | Reached skill level 5 in Earth Magic
    53 | D        | Reached skill level 5 in Poison Magic
    53 | D        | Noticed a destroyer
    53 | D        | Noticed an accursed
    54 | D        | Reached XP level 25. HP: 234/257 MP: 21/53
    54 | D        | Noticed a tyrant
    54 | D        | Killed a tyrant
    54 | D        | Killed a large bag of meat
    55 | D        | Reached skill level 10 in Transmutations
    55 | D        | Reached skill level 10 in Earth Magic
    55 | D        | Noticed an accursed
    56 | D        | Reached skill level 10 in Summonings
    56 | D        | Reached skill level 10 in Necromancy
    56 | D        | Reached skill level 10 in Translocations
    56 | D        | Reached skill level 10 in Fire Magic
    56 | D        | Reached skill level 10 in Ice Magic
    56 | D        | Reached skill level 10 in Air Magic
    56 | D        | Reached skill level 10 in Poison Magic
    56 | D        | Killed an accursed
    56 | D        | Noticed a large bag of meat
    56 | D        | Noticed a destroyer
    57 | D        | Noticed an accursed
    57 | D        | Noticed a destroyer
    58 | D        | Noticed an accursed
    58 | D        | Killed a destroyer
    59 | D        | Reached skill level 15 in Transmutations
    59 | D        | Reached skill level 15 in Earth Magic
    59 | D        | Reached XP level 26. HP: 255/266 MP: 22/53
    59 | D        | Noticed an accursed
    60 | D        | Killed a destroyer
    61 | D        | Reached skill level 15 in Summonings
    61 | D        | Reached skill level 15 in Necromancy
    61 | D        | Reached skill level 15 in Translocations
    61 | D        | Reached skill level 15 in Fire Magic
    61 | D        | Reached skill level 15 in Ice Magic
    61 | D        | Reached skill level 15 in Air Magic
    61 | D        | Reached skill level 15 in Poison Magic
    61 | D        | Noticed a dread
    61 | D        | Noticed a tyrant
    62 | D        | Killed an accursed
    62 | D        | Killed a large bag of meat
    62 | D        | HP: 10/246 [The Servant/+9 glaive of flaming (55)]
    63 | D        | Reached skill level 15 in Hexes
    63 | D        | Reached XP level 27. HP: 11/273 MP: 23/53
    63 | D        | HP: 1/273 [something (10)]
    63 | D        | Noticed a tyrant
    63 | D        | Annihilated by The Servant

Illustrated notes

Levels and vault maps discovered:
D:        meatsprint

Skill      XL: |  1  2  3  4  5  6  7  8  9 10 11 12 13 14 15 16 17 18 19 20 21 22 23 24 25 26 |
---------------+-------------------------------------------------------------------------------+-----
Fighting       | 15 19 21 24 26 27 | 27.0
Axes           | 15 19 21 24 26 27 | 27.0
Armour         | 15 19 21 23 25 27 | 27.0
Dodging        | 14 18 20 22 24 27 | 27.0
Invocations    | 18 27 | 27.0
Throwing       | 17 27 | 27.0
Stealth        | 11 27 | 27.0
Unarmed Combat | 14 27 | 27.0
Spellcasting   | 20 27 | 27.0
Conjurations   | 16 27 | 27.0
Ranged Weapons | 17 27 | 27.0
Shields        | 18 27 | 27.0
Maces & Flails | 26 27 | 27.0
Polearms       | 26 27 | 27.0
Short Blades   | 23 27 | 27.0
Long Blades    | 25 27 | 27.0
Staves         | 25 27 | 27.0
Hexes          | 7 12 15 | 15.8
Summonings     | 7 13 17 | 17.1
Necromancy     | 7 13 17 | 17.1
Translocations | 7 13 17 | 17.1
Transmutations | 8 15 18 | 18.6
Fire Magic     | 7 13 17 | 17.1
Ice Magic      | 7 13 17 | 17.2
Air Magic      | 7 13 17 | 17.1
Earth Magic    | 8 15 18 | 18.6
Poison Magic   | 7 13 17 | 17.1
Evocations     | 9 16 20 | 20.1

Action                   |  1- 3 |  4- 6 |  7- 9 | 10-12 | 13-15 | 16-18 | 19-21 | 22-24 | 25-27 || total
-------------------------+-------+-------+-------+-------+-------+-------+-------+-------+-------++-------
Melee: Executioner's axe |     1 |       |       |     2 |     5 |    10 |     7 |     9 |     8 ||    42
Invok: Major Destruction |       |       |       |       |       |     1 |       |       |       ||     1
       Greater Servant o |       |       |       |       |       |       |       |       |     1 ||     1
  Use: Scroll            |       |       |       |       |       |       |       |       |     1 ||     1
